 Dungeon Crawl Stone Soup version 0.25-a0-200-g5ba96148f3 (console) character file.

Game seed: 4342993452487666076, levelgen mode: deterministic

42 Kagalorn the Caller (level 3, 0/25 HPs)
             Began as a Human Summoner on Dec 2, 2019.
             Slain by a goblin
             ... wielding a +0 dagger
             ... led by Robin
              (3 damage)
             ... on level 2 of the Dungeon.
             The game lasted 00:05:06 (1497 turns).

Kagalorn the Caller (Human Summoner)                Turns: 1497, Time: 00:05:06

Health: 0/25       AC:  2    Str:  8    XL:     3   Next: 80%
Magic:  4/6        EV: 12    Int: 16    God:
Gold:   65         SH:  0    Dex: 13    Spells: 1/6 levels left

rFire    . . .     SeeInvis .   b - +0 dagger
rCold    . . .     Gourm    .   (no shield)
rNeg     . . .     Faith    .   a - +0 robe
rPois    .         Spirit   .   (no helmet)
rElec    .         Reflect  .   (no cloak)
rCorr    .         Harm     .   (no gloves)
MR       .....                  (no boots)
Stlth    ++........             (no amulet)
HPRegen  0.08/turn              (no ring)
MPRegen  0.10/turn              (no ring)

@: no status effects
A: no striking features
a: no special abilities


You were on level 2 of the Dungeon.
You were hungry.

You visited 1 branch of the dungeon, and saw 2 of its levels.

You collected 65 gold pieces.

Inventory:

Hand Weapons
 b - a +0 dagger (weapon)
Missiles
 f - 48 stones (quivered)
 m - 16 arrows
 q - 12 sling bullets
Armour
 a - a +0 robe (worn)
Jewellery
 h - a +5 ring of protection {unknown}
 j - an uncursed ring of magical power {unknown}
Scrolls
 e - a scroll of amnesia {unknown}
 g - 4 scrolls of identify {unknown}
 k - 2 scrolls of remove curse {unknown}
 l - a scroll of blinking {unknown}
 n - a scroll of immolation {unknown}
Potions
 d - 2 potions of curing {unknown}
 i - a potion of mutation {unknown}
 o - a potion of might {unknown}
 p - a potion of lignification {unknown}
Comestibles
 c - 3 rations
 r - 2 chunks of flesh


   Skills:
 * Level 0.6 Fighting
 - Level 2.0 Dodging
 - Level 2.0 Stealth
 * Level 2.3 Spellcasting
 * Level 4.9 Summonings


You had one spell level left.
You knew the following spells:

 Your Spells              Type           Power        Failure   Level  Hunger
a - Call Canine Familiar  Summ           ###.....     9%          3    ###....
b - Summon Small Mammal   Summ           ###.         2%          1    #......
c - Confusing Touch       Hex            #.....       21%         1    #......

Your spell library contained the following spells:

 Spells                   Type           Power        Failure   Level  Hunger
 Animate Skeleton         Necr           N/A          21%         1    #......
 Apportation              Tloc           #.....       21%         1    #......
 Call Imp                 Summ           ###.....     4%          2    ###....
 Summon Guardian Golem    Hex/Summ       #.......     22%         3    ###....
 Summon Ice Beast         Ice/Summ       #.......     58%         4    #####..
 Summon Lightning Spire   Summ/Air       #.......     58%         4    #####..


Dungeon Overview and Level Annotations

Branches:
Dungeon (2/15)

Altars:


Message History

Your hound bites Robin.
Robin throws the goblin at your hound!
Things that are here:
a cursed -3 club; a hobgoblin corpse You hit the goblin.
The goblin is heavily wounded.
Your hound barely misses Robin.
Your hound bites Robin but does no damage.
The goblin hits you but does no damage.
You hit the goblin.
You kill the goblin!
The goblin no longer looks unusually strong.
Your hound barely misses Robin.
Robin's bangles clink loudly.
Robin throws the goblin at your hound! The goblin hits you with a +0 dagger.
* * * LOW HITPOINT WARNING * * *
Your hound bites Robin but does no damage.
Your hound bites Robin.
Robin dies!
The goblin hits you with a +0 dagger.
You die...

.#####.##
#......###..#.. .#
#.#
#.####......... .#
#.# #.# ######.#..
.# #.## #[# . .# #
###...########.# .
.# ##.##
#..............##.
# .....##....
..######....
#........#
#...........
#.##@#
#.######.###
#..g)# #......†.#
####h# ##.########
#######)####>..##
................#
######..........#
#.####.....# #.#
##...##


ggggg...# ##### You could see a goblin and a friendly hound.

Vanquished Creatures
  A bat (D:1)
  2 giant cockroaches (D:1)
  3 goblins
  3 hobgoblins (D:1)
  2 frilled lizards (D:2)
  A kobold (D:1)
  2 rats (D:1)
14 creatures vanquished.

Vanquished Creatures (collateral kills)
  Robin (D:2)
  2 adders (D:2)
  2 giant cockroaches
  3 goblins
  2 hobgoblins (D:2)
  4 jackals (D:1)
  2 kobolds (D:1)
  A bat (D:1)
17 creatures vanquished.

Grand Total: 31 creatures vanquished

Notes
Turn   | Place    | Note
-------+----------+-------------------------------------------
     0 | D:1      | Kagalorn the Human Summoner began the quest for the Orb.
     0 | D:1      | Reached XP level 1. HP: 13/13 MP: 3/3
   322 | D:1      | Reached XP level 2. HP: 12/19 MP: 1/5
   557 | D:1      | HP: 1/20 [kobold/+0 short sword (6)]
  1062 | D:2      | Reached XP level 3. HP: 8/25 MP: 4/6
  1067 | D:2      | Learned a level 3 spell: Call Canine Familiar
  1461 | D:2      | Learned a level 1 spell: Confusing Touch
  1472 | D:2      | Noticed Robin
  1497 | D:2      | Killed Robin
  1497 | D:2      | Slain by a goblin

Levels and vault maps discovered:
D:1:      minmay_arrival_radiant_lines, layout_rooms
D:2:      layout_loops_ring, uniq_crazy_yiuf_cottage, uniq_robin

Action                   || total
-------------------------++-------
Melee: Unarmed           ||    17
       Dagger            ||    90
 Cast: Summon Small Mamm ||    16
       Call Canine Famil ||     3
  Eat: Chunk             ||     2
Armor: Robe              ||    39
Dodge: Dodged            ||    94

Table legend:
 A = Non-vault XP
 B = Vault XP
 C = Vault XP percentage of total XP
 D = Non-vault monster count
 E = Vault monster count
 F = Vault count percentage of total count
                 A         B        C        D         E       F
            +---------+---------+-------+---------+---------+-------
      Total |      45 |      16 |  26.2 |      25 |       6 |  19.4
            +---------+---------+-------+---------+---------+-------
        D:1 |      27 |       0 |   0.0 |      19 |       0 |   0.0
        D:2 |      18 |      16 |  47.1 |       6 |       6 |  50.0
            +---------+---------+-------+---------+---------+-------
